 Dungeon Crawl Stone Soup version 0.16.2-12-gd0ad4c3 (webtiles) character file.

377833 deszczowiec the Slayer (level 22, 0/140 HPs)
             Began as a Gargoyle Fighter on Oct 24, 2015.
             Was the Champion of Okawaru.
             Slain by an azure jelly (8 damage)
             ... created by the royal jelly
             ... on level 5 of the Pits of Slime on Nov 1, 2015.
             The game lasted 08:05:39 (49029 turns).

deszczowiec the Slayer (Gargoyle Fighter)          Turns: 49029, Time: 08:05:40

Health: 0/140      AC: 19    Str: 30    XL:     22   Next: 81%
Magic:  29/29      EV: 20    Int:  7    God:    Okawaru [******]
Gold:   3572       SH: 17    Dex: 13    Spells: 0 memorised, 21 levels left

rFire  . . .     SeeInvis .     b - +5 flail (holy)
rCold  + + .     Clarity  .     D - +9 ring mail "Diunnethriw" {rN+ Str+3 Int-3 Dex+2}
rNeg   + + .     SustAb   .     Q - +2 shield
rPois  ∞         Gourm    .     O - +1 helmet {rC+}
rElec  +         Spirit   .     N - +2 cloak {rC+}
rCorr  .         Warding  .     M - +2 pair of gloves {archery}
rMut   .         Stasis   .     r - +2 pair of boots {run}
MR     +....                    W - amulet of regeneration
Stlth  ++++++....               I - +4 ring of protection
                                H - +4 ring of strength

@: heroism, corroded equipment, quick, somewhat resistant to hostile
enchantments, very stealthy
A: able to fly continuously, big wings, talons 1, agile 1, blurry vision 1,
deformed body, deterioration 2, dopey 1, frail 1, low mp 1, negative energy
resistance 1, screaming 2, electricity resistance, weak 2, unbreathing,
petrification resistance, rot immunity, forlorn, placid magic 1, MP-powered
wands 2, AC +16
a: Fly, Heroism, Finesse, Renounce Religion
}: 2/15 runes: decaying, gossamer


You were on level 5 of the Pits of Slime.
You worshipped Okawaru.
Okawaru was exalted by your worship.
You were not hungry.

You visited 8 branches of the dungeon, and saw 48 of its levels.
You visited the Abyss 1 time.
You also visited: Ice Cave.

You collected 4432 gold pieces.
You spent 860 gold pieces at shops.

Inventory:

Hand weapons
 a - the +11 morningstar "Eos" {elec, -Tele rElec SInv}
   (Okawaru gifted it to you on level 8 of the Lair of Beasts)

   Occasionally, upon striking a foe, it will discharge some electrical energy
   and cause terrible harm.
   It insulates you from electricity.
   It enhances your eyesight.
   It prevents most forms of teleportation.
 b - a +5 flail of holy wrath (weapon)
Missiles
 g - 6 steel javelins
 p - 3 poisoned tomahawks
 s - 7 poisoned javelins
 B - 16 javelins of returning (quivered)
 P - a silver javelin
 Y - 12 javelins of penetration
Armour
 c - the +2 cloak "Strufuf" {rElec rF+ Int+3 Dex+2 Stlth-}
   (You bought it in a shop on level 1 of the Depths)

   It affects your intelligence (+3).
   It affects your dexterity (+2).
   It protects you from fire.
   It insulates you from electricity.
   It makes you less stealthy.
 k - a +0 plate armour of fire resistance
 r - a +2 pair of boots of running (worn)
 y - the +0 helmet "Hiff" {rPois rF- Str+7 Dex+3}
   (You took it off Robin on level 2 of the Dungeon)

   It affects your strength (+7).
   It affects your dexterity (+3).
   It makes you vulnerable to fire.
   It protects you from poison.
 D - the +9 ring mail "Diunnethriw" (worn) {rN+ Str+3 Int-3 Dex+2}
   (You found it on level 7 of the Lair of Beasts)

   It affects your strength (+3).
   It affects your intelligence (-3).
   It affects your dexterity (+2).
   It protects you from negative energy.
 M - a +2 pair of gloves of archery (worn)
 N - a +2 cloak of cold resistance (worn)
 O - a +1 helmet of cold resistance (worn)
 Q - a +2 shield (worn)
Jewellery
 d - an uncursed ring of sustain abilities
 j - an uncursed ring of ice
 m - an uncursed ring of teleport control
 t - an uncursed ring of positive energy
 u - an uncursed ring of protection from magic
 F - an uncursed ring of fire
 H - a +4 ring of strength (left hand)
 I - a +4 ring of protection (right hand)
 W - an amulet of regeneration (around neck)
Magical devices
 n - a wand of heal wounds (2)
 x - a wand of digging (2)
 A - a wand of lightning (0)
 T - a wand of cold (1)
 U - a wand of fireball (0)
 X - a wand of confusion (3)
Scrolls
 f - 21 scrolls of remove curse
 h - a scroll of identify
 G - 4 scrolls of fear
 J - 12 scrolls of teleportation
 S - 4 scrolls of silence
 Z - 4 scrolls of blinking
Potions
 e - 5 potions of might
 i - 17 potions of curing
 q - 4 potions of invisibility
 K - 3 potions of resistance
 R - a potion of cancellation
Comestibles
 l - 7 meat rations


   Skills:
 * Level 21.9(26.9) Fighting
 * Level 20.7(25.7) Maces & Flails
 - Level 10.3(15.3) Throwing
 - Level 10.5(15.5) Armour
 - Level 10.0(15.0) Dodging
 - Level 15.0(20.0) Stealth
 - Level 10.0(15.0) Shields
 - Level 10.1 Invocations
 - Level 10.1 Evocations


You had 21 spell levels left.
You didn't know any spells.

Dungeon Overview and Level Annotations

Branches:
Dungeon (15/15)            Temple (1/1) D:5            Lair (8/8) D:10
  Swamp (5/5) Lair:3       Spider (5/5) Lair:5        Slime (6/6) Lair:7
    Orc (4/4) D:12            Elf (0/3) Orc:4        Vaults (0/5) D:13
 Depths (4/5) D:15

Altars:
Ashenzari
Cheibriados
Dithmenos
Elyvilon
Fedhas
Gozag
Kikubaaqudgha
Makhleb
Nemelex Xobeh
Okawaru
Qazlal
Ru
Sif Muna
Trog
Vehumet
Xom
Yredelemnul
Zin
The Shining One
Beogh
Jiyva

Shops:
D:6 (   Orc:1 [   Orc:3 *   Orc:4 }?(*   Depths:1 [:

Portals:
Hell: Depths:1 Depths:2 Depths:3 Depths:4
Abyss: Depths:3 Depths:4
Pandemonium: Orc:4 Depths:3
Trove: D:11 (give 12 potions of heal wounds)

Annotations:
Slime:6 Royal Jelly
Depths:1 5 runed doors


Innate Abilities, Weirdness & Mutations

You are resistant to torment.
You are immune to poison.
You can fly continuously.
Your stone body is very resilient (AC +16).
Your wings are large and strong.
You resist negative energy.
You are resistant to electric shocks.
You can survive without breathing.
You are immune to petrification.
You are immune to rotting.
You have sharp toenails.
You are agile. (Dex +2)
Scrolls take you a little longer to read.
Armour fits poorly on your strangely shaped body.
Your body is deteriorating.
You are dopey. (Int -2)
You are frail (-10% HP).
Your magical capacity is low (-10% MP).
You sometimes yell uncontrollably at your foes.
You are very weak. (Str -4)
You have difficulty communicating with the divine.
Your spells are a little easier to cast, but a little less powerful.
You expend magic power (6 MP) to strengthen your wands.


Message History

* * * LOW HITPOINT WARNING * * *
The death ooze closely misses you. You block the azure jelly's attack.
You block the azure jelly's attack. The azure jelly misses you.
The azure jelly hits you.
* * * LOW HITPOINT WARNING * * *
You block the azure jelly's attack. x2
The azure jelly misses you. x2
The +11 morningstar "Eos" {elec, -Tele rElec SInv} stops crackling.
It softly glows with a divine radiance!
b - a +5 flail of holy wrath (weapon)
You block the death ooze's attack. The death ooze hits you!
* * * LOW HITPOINT WARNING * * *
You block the death ooze's attack.
The death ooze hits you but does no damage.
The azure jelly hits you.
* * * LOW HITPOINT WARNING * * *
The azure jelly freezes you! You resist.
* * * LOW HITPOINT WARNING * * *
The azure jelly hits you!
You die...

##.#....#....###
##.#........##.##
####..........##...# ##
##..##.............#
.##.##.....#..#........####
.......................##.##
. #....#.#.....#...........#
..#.......................##
#.............J@J.....#.##
##............JJJ......##
#............JJ.......#
##.#.##..............##
########.....##......##
##................#
##...........#....##
#.............#...#
##......###.......#


You could see 2 acid blobs, 3 azure jellies and 2 death oozes.

Vanquished Creatures
  Norris (Spider:2)
  A caustic shrike (Depths:4)
  A golden dragon (Depths:4)
  A profane servitor (Depths:3)
  Arachne (Spider:2)
  2 tentacled monstrosities (Depths:4)
  4 liches
  2 titans (Depths:4)
  A spellforged servitor (Depths:4)
  A tentacled starspawn (Abyss:1)
  An eldritch tentacle (Slime:5)
  23 acid blobs
  4 sphinxes
  Rupert (Lair:4)
  Agnes (Spider:1)
  2 storm dragons (Depths:4)
  Kirke (D:15)
  A tengu reaver (D:13)
  12 azure jellies
  Roxanne (D:15)
  2 frost giants (Depths:2)
  5 fire giants
  Maud (Lair:4)
  An iron dragon (D:13)
  A ghost moth (Spider:5)
  Aizul (Spider:3)
  An orc warlord (Orc:3)
  The ghost of stonage the Cleaver, a powerful DsFi of Okawaru (Spider:5)
  9 emperor scorpions
  The ghost of Shlakoblock the Severer, a powerful MiFi of Okawaru (D:15)
  5 spriggan defenders
  9 stone giants
  A very ugly thing (Depths:1)
  The ghost of Kira the Unseen, a powerful SpEn of Nemelex Xobeh (IceCv)
  6 dire elephants
  3 vampire knights
  3 vault guards (D:13)
  Snorg (Orc:4)
  A merfolk javelineer (Depths:2)
  2 pearl dragon zombies (Depths:3)
  9 great orbs of eyes
  9 ettins
  4 fire dragons
  5 minotaurs
  2 yaktaur captains
  A deep elf high priest (Depths:4)
  2 jiangshi (Depths:1)
  6 death oozes (Slime:6)
  The ghost of Kira the Unseen, a powerful SpEn of Nemelex Xobeh (D:15)
  2 rakshasas
  A hydra (shapeshifter) (Depths:4)
  Fannar (Lair:2)
  Harold (D:11)
  A spriggan air mage (Depths:3)
  18 hydras
  10 ice dragons
  Nessos (D:11)
  4 centaur warriors
  The ghost of Kira the Unseen, a powerful SpEn of Nemelex Xobeh (Orc:3)
  4 deep troll earth magi
  A ghost crab (Swamp:4)
  8 alligators
  A death knight (Depths:3)
  3 ogre magi
  A vampire mage (Depths:1)
  4 deep troll shamans
  9 death yaks
  2 tengu warriors (Depths:2)
  5 spriggan berserkers
  3 hell hogs (Depths:3)
  A sun demon (Orc:4)
  9 orc high priests
  A soul eater (Orc:4)
  A hell knight (Depths:4)
  2 iron trolls (Depths:3)
  A salamander mystic (Depths:3)
  A wretched star (Abyss:1)
  A deep elf knight (Depths:4)
  2 fire crabs (Lair:8)
  3 unseen horrors
  2 giant orange brains
  A swamp dragon (Swamp:1)
  12 deep trolls
  Erolcha (Orc:1)
  2 shambling mangroves
  A gelid demonspawn (Orc:4)
  7 orc knights
  11 hill giants
  An ice statue (IceCv)
  2 flayed ghosts
  Pikel (D:6)
  5 orc sorcerers
  2 deep elf summoners (Orc:4)
  4 lindwurms (Lair:7)
  2 deep elf conjurers (Depths:4)
  12 wizards (Depths:3)
  4 manticores
  30 orb spiders
  8 hornets
  3 salamanders (Depths:3)
  34 ugly things
  2 necromancers
  3 griffons
  A sphinx skeleton (Depths:4)
  4 cyclopes
  10 elephants
  3 phantasmal warriors
  36 wolf spiders
  12 shining eyes
  3 eyes of devastation
  An octopode (shapeshifter) (Depths:4)
  8 black mambas
  2 centaur zombies
  A sixfirhy (D:15)
  A moth of wrath (Spider:5)
  4 apis skeletons (Depths:3)
  3 smoke demons
  22 spiny frogs
  4 gargoyles
  2 molten gargoyles (Lair:5)
  A torpor snail (Depths:1)
  Psyche (D:8)
  A spriggan skeleton (Depths:4)
  12 komodo dragons
  2 kobold demonologists (D:15)
  A yaktaur (shapeshifter) (Depths:1)
  12 yaktaurs
  7 fire drakes
  11 demonic crawlers
  A queen bee (Lair:3)
  A storm dragon simulacrum (Depths:4)
  A hellwing (Orc:4)
  A red devil (Orc:4)
  A shadow dragon simulacrum (Depths:4)
  8 trolls
  2 tengu conjurers
  A fire drake (shapeshifter) (Depths:1)
  A blue devil (Orc:4)
  34 jumping spiders
  8 giant leeches
  A polar bear (Lair:8)
  16 freezing wraiths
  A harpy skeleton (D:15)
  129 slime creatures
  A trapdoor spider zombie (D:13)
  7 ravens
  6 two-headed ogres
  7 bog bodies
  7 baby alligators
  A flying skull (Depths:1)
  15 trapdoor spiders
  14 blink frogs
  4 water elementals
  A redback (shapeshifter) (Depths:3)
  5 deep elf magi
  5 wyverns
  37 redbacks
  24 tarantellas
  9 spriggans
  A basilisk (Lair:8)
  A trapdoor spider (shapeshifter) (Depths:2)
  30 yaks
  A shadow (D:15)
  A golden eye (shapeshifter) (Depths:3)
  4 hogs (D:15)
  15 hippogriffs
  Eustachio (D:9)
  17 golden eyes
  4 swamp worm simulacra (Swamp:5)
  3 hungry ghosts
  Grum (Orc:2)
  2 wraiths
  13 deep elf fighters
  An elf skeleton (Depths:4)
  5 wargs
  28 vampire mosquitoes
  21 insubstantial wisps
  2 neqoxecs
  A death yak simulacrum (IceCv)
  21 water moccasins
  A warg (shapeshifter) (D:13)
  Edmund (Orc:1)
  2 mottled dragons
  Menkaure (D:5)
  18 wolves
  15 hydra simulacra (Swamp:5)
  A deep troll zombie (Depths:1)
  26 swamp worms
  17 ice beasts
  12 porcupines
  2 phantoms
  A necrophage (D:10)
  A slave (D:6)
  22 spiders
  49 orc warriors
  12 wasps
  A black bear (shapeshifter) (Depths:2)
  3 black bears
  12 swamp drakes
  2 small abominations (Abyss:1)
  19 ogres
  8 boggarts
  4 sky beasts
  2 boring beetles
  5 eyes of draining
  16 crocodiles
  Sigmund (D:7)
  9 centaurs
  The ghost of CcS the Digger, an average OpEE (D:3)
  2 wyvern zombies
  A gnoll sergeant (D:12)
  8 big kobolds
  A brain worm (D:13)
  Blork the orc (D:6)
  35 giant frogs
  A wyvern skeleton (D:13)
  13 wights
  28 killer bees
  A water moccasin skeleton (D:4)
  6 scorpions
  A swamp dragon simulacrum (IceCv)
  15 electric eels
  4 lava snakes (Lair:5)
  3 draconian simulacra (IceCv)
  A quasit (D:6)
  4 centaur skeletons
  4 goliath beetles
  13 hounds
  43 orc priests
  4 crimson imps
  35 jellies
  2 giant frog skeletons
  2 iron imps
  6 spriggan simulacra (IceCv)
  3 hell rats (Orc:4)
  11 worker ants
  33 orc wizards
  10 iguanas
  4 sheep (Lair:2)
  4 centaur simulacra
  5 troll simulacra (IceCv)
  2 wolf simulacra (IceCv)
  Jessica (D:2)
  A hound zombie (D:11)
  Robin (D:2)
  17 gnolls
  82 river rats
  24 adders
  2 naga simulacra (IceCv)
  An ogre simulacrum (IceCv)
  A shadow imp (D:13)
  12 white imps (IceCv)
  A giant mite (D:10)
  5 worms
  4 swamp drake simulacra (Swamp:5)
  3 ufetubi (Orc:4)
  An adder skeleton (D:5)
  An orc zombie (Orc:3)
  4 giant geckos
  3 oozes
  195 orcs
  A ball python (D:2)
  18 bats
  A bat skeleton (D:7)
  2 giant cockroaches
  33 goblins
  19 hobgoblins
  11 jackals
  11 quokkas
  7 giant newts
  A giant spore (D:11)
  40 kobolds
  A quokka skeleton (D:7)
  15 rats
  A rat zombie (D:6)
  2 ballistomycetes (D:11)
  A butterfly (Lair:8)
  2 fungi
  A starspawn tentacle (Abyss:1)
2192 creatures vanquished.

Vanquished Creatures (others)
  A fire giant (Depths:4)
  An alligator (Swamp:5)
  A giant leech (Swamp:1)
  A spriggan (Depths:3)
  A human (D:15)
  A slave (D:9)
  A wasp (Depths:3)
  A giant frog (Swamp:5)
  2 jellies (Slime:5)
  An orc priest (D:15)
  An orc wizard (Orc:3)
  An adder (D:9)
  95 eldritch tentacle segments (Slime:5)
  10 fungi
  15 plants
  A starspawn tentacle (Abyss:1)
  25 starspawn tentacle segments (Abyss:1)
159 creatures vanquished.

Grand Total: 2351 creatures vanquished

Notes
Turn   | Place    | Note
--------------------------------------------------------------
     0 | D:1      | deszczowiec, the Gargoyle Fighter, began the quest for the Orb.
     0 | D:1      | Reached XP level 1. HP: 14/14 MP: 1/1
   109 | D:1      | Reached XP level 2. HP: 17/19 MP: 2/2
   386 | D:1      | Reached XP level 3. HP: 24/24 MP: 3/3
   415 | D:1      | Reached skill level 4 in Fighting
  1095 | D:2      | Reached XP level 4. HP: 22/30 MP: 4/4
  1226 | D:2      | Noticed Jessica
  1244 | D:2      | Killed Jessica
  1523 | D:2      | Noticed Robin
  1571 | D:2      | Killed Robin
  1574 | D:2      | Got a distressingly furry helmet
  1581 | D:2      | Identified the +0 helmet "Hiff" {rPois rF- Str+7 Dex+3} (You took it off Robin on level 2 of the Dungeon)
  1634 | D:2      | Reached skill level 5 in Fighting
  1634 | D:2      | Reached XP level 5. HP: 31/35 MP: 5/5
  2064 | D:3      | Reached XP level 6. HP: 37/41 MP: 6/6
  2269 | D:3      | Noticed CcS's ghost (average OpEE)
  2277 | D:3      | Killed CcS's ghost
  2277 | D:3      | Reached skill level 6 in Fighting
  2460 | D:3      | Found a burning altar of Makhleb.
  2536 | D:4      | Reached skill level 5 in Maces & Flails
  2536 | D:4      | Reached XP level 7. HP: 16/47 MP: 7/7
  3178 | D:4      | Reached skill level 7 in Fighting
  3223 | D:4      | Noticed a moth of wrath
  3263 | D:4      | Found a bloodstained altar of Trog.
  3406 | D:4      | Found a blossoming altar of Fedhas.
  3520 | D:5      | Entered Level 5 of the Dungeon
  3853 | D:5      | Gained mutation: Your natural rate of healing is unusually fast. [potion of beneficial mutation]
  3897 | D:5      | Noticed Menkaure
  3905 | D:5      | Killed Menkaure
  3905 | D:5      | Reached XP level 8. HP: 38/54 MP: 8/8
  4060 | D:5      | Found a staircase to the Ecumenical Temple.
  4077 | Temple   | Entered the Ecumenical Temple
  4327 | Temple   | Became a worshipper of Warmaster Okawaru
  4445 | D:5      | Reached skill level 8 in Fighting
  4636 | D:6      | Found an ancient bone altar of Kikubaaqudgha.
  4683 | D:6      | Found Qowkug's Antique Weapon Emporium.
  4708 | D:6      | Acquired Okawaru's first power
  4770 | D:6      | Noticed Blork the orc
  4771 | D:6      | Reached skill level 9 in Fighting
  4782 | D:6      | Killed Blork the orc
  4849 | D:6      | Found a white marble altar of Elyvilon.
  4850 | D:6      | Noticed Pikel
  4859 | D:6      | Killed Pikel
  4859 | D:6      | Reached XP level 9. HP: 59/62 MP: 9/9
  5122 | D:7      | Reached skill level 10 in Fighting
  5291 | D:7      | Noticed Sigmund
  5307 | D:7      | Killed Sigmund
  5487 | D:7      | Reached skill level 5 in Armour
  5651 | D:8      | Noticed Psyche
  5659 | D:8      | Killed Psyche
  5659 | D:8      | Reached skill level 10 in Maces & Flails
  5659 | D:8      | Reached XP level 10. HP: 68/68 MP: 10/10
  5903 | D:8      | Found a snail-covered altar of Cheibriados.
  6076 | D:8      | You fall through a shaft!
  6544 | D:9      | Noticed Eustachio
  6572 | D:9      | Killed Eustachio
  6572 | D:9      | Reached skill level 5 in Shields
  7013 | D:10     | Entered Level 10 of the Dungeon
  7171 | D:10     | Noticed a hill giant
  7188 | D:10     | Killed a hill giant
  7188 | D:10     | Acquired Okawaru's second power
  7300 | D:10     | Found a staircase to the Lair.
  7312 | D:10     | Reached XP level 11. HP: 68/72 MP: 11/11
  7324 | D:10     | Noticed an elephant
  7339 | D:10     | Killed an elephant
  7339 | D:10     | Received a gift from Okawaru
  7678 | D:10     | Noticed a centaur warrior
  7698 | D:10     | Killed a centaur warrior
  7698 | D:10     | Reached skill level 10 in Armour
  7850 | D:10     | Noticed a hill giant
  7864 | D:10     | Killed a hill giant
  8066 | D:11     | Noticed a hill giant
  8082 | D:10     | Killed a hill giant
  8232 | D:11     | Found a sparkling altar of Nemelex Xobeh.
  8402 | D:11     | Reached skill level 1 in Invocations
  8800 | D:11     | Found a portal to a secret trove of treasure.
  8962 | D:11     | Noticed Nessos
  8982 | D:11     | Killed Nessos
  9109 | D:11     | Noticed a hill giant
  9123 | D:11     | Killed a hill giant
  9202 | D:11     | Noticed a hill giant
  9213 | D:11     | Killed a hill giant
  9213 | D:11     | Reached skill level 10 in Shields
  9435 | D:11     | Noticed a hill giant
  9445 | D:11     | Killed a hill giant
  9445 | D:11     | Received a gift from Okawaru
  9445 | D:11     | Reached skill level 1 in Evocations
  9514 | D:11     | Noticed Harold
  9553 | D:11     | Killed Harold
  9553 | D:11     | Reached skill level 5 in Invocations
  9553 | D:11     | Reached XP level 12. HP: 49/77 MP: 19/20
  9750 | D:12     | Noticed a seven-headed hydra
  9759 | D:12     | Killed a seven-headed hydra
 10308 | D:12     | Reached skill level 5 in Evocations
 10385 | D:12     | Received a gift from Okawaru
 10422 | D:12     | Found a staircase to the Orcish Mines.
 10441 | D:12     | Got a crystal hunting sling {god gift}
 10442 | D:12     | Identified the +2 hunting sling "Thuushooq" {speed, rC+ rN+ Str+3 Int-3} (Okawaru gifted it to you on level 12 of the Dungeon)
 10582 | D:12     | Noticed an eight-headed hydra
 10593 | D:12     | Killed an eight-headed hydra
 10690 | D:12     | Gained mutation: You have sharp toenails. [potion of beneficial mutation]
 10716 | D:12     | Noticed a seven-headed hydra
 10731 | D:12     | Killed a seven-headed hydra
 10989 | Lair:1   | Entered Level 1 of the Lair of Beasts
 11522 | Lair:1   | Reached XP level 13. HP: 76/82 MP: 26/26
 11639 | Lair:1   | Received a gift from Okawaru
 12103 | Lair:2   | Noticed Fannar
 12153 | Lair:2   | Killed Fannar
 12212 | Lair:2   | Reached skill level 10 in Invocations
 12243 | Lair:2   | Identified a +0 pair of boots of running (You found it on level 2 of the Lair of Beasts)
 12375 | Lair:2   | Reached skill level 1 in Dodging
 12931 | Lair:3   | Found a staircase to the Swamp.
 13180 | Lair:3   | Received a gift from Okawaru
 13181 | Lair:3   | Got a pair of slimy gloves {god gift}
 13192 | Lair:3   | Identified the -2 pair of gloves "Ipsyzu" {rC+ rCorr Str-5} (Okawaru gifted it to you on level 3 of the Lair of Beasts)
 13895 | Lair:4   | Noticed Maud
 13918 | Lair:4   | Killed Maud
 13918 | Lair:4   | Reached skill level 10 in Evocations
 13938 | Lair:4   | Noticed Rupert
 13954 | Lair:4   | Killed Rupert
 14362 | Lair:4   | Reached skill level 5 in Dodging
 14510 | Lair:4   | Found a bloodstained altar of Trog.
 14573 | Lair:4   | Received a gift from Okawaru
 15323 | Lair:5   | Gained mutation: Your wings are large and strong. [gargoyle growth]
 15323 | Lair:5   | Reached XP level 14. HP: 36/88 MP: 27/27
 15345 | Lair:5   | Gained mutation: You have difficulty communicating with the divine. [potion of mutation]
 15345 | Lair:5   | Gained mutation: Armour fits poorly on your strangely shaped body. [potion of mutation]
 15345 | Lair:5   | Gained mutation: You are dopey. (Int -2) [potion of mutation]
 15346 | Lair:5   | Lost mutation: Armour fits poorly on your strangely shaped body. [potion of cure mutation]
 15346 | Lair:5   | Lost mutation: You are dopey. (Int -2) [potion of cure mutation]
 15784 | Lair:5   | Found a hole to the Spider Nest.
 16026 | Lair:6   | Received a gift from Okawaru
 16279 | Lair:6   | Received a gift from Okawaru
 16307 | Lair:6   | Got a shimmering chain mail {god gift}
 16319 | Lair:6   | Identified the +5 chain mail "Ugopisics" {Contam rPois rF- Str+2 Dex+5} (Okawaru gifted it to you on level 6 of the Lair of Beasts)
 16372 | Lair:6   | Reached skill level 5 in Throwing
 17873 | Lair:7   | Found a runed door.
 17874 | Lair:7   | Found a viscous altar of Jiyva.
 17877 | Lair:7   | Noticed an azure jelly
 17882 | Lair:7   | Noticed an azure jelly
 17882 | Lair:7   | Noticed an azure jelly
 17887 | Lair:7   | Found a staircase to the Slime Pits.
 18352 | Lair:7   | Got a warped ring mail
 18353 | Lair:7   | Identified the +9 ring mail "Diunnethriw" {rN+ Str+3 Int-3 Dex+2} (You found it on level 7 of the Lair of Beasts)
 18427 | Lair:7   | Gained mutation: You are weak. (Str -2) [mutagenic glow]
 18429 | Lair:8   | Entered Level 8 of the Lair of Beasts
 18596 | Lair:8   | Received a gift from Okawaru
 18729 | Lair:8   | Received a gift from Okawaru
 18936 | Lair:8   | Reached XP level 15. HP: 92/92 MP: 28/28
 18962 | Lair:8   | Received a gift from Okawaru
 19054 | Lair:8   | Identified a scroll of acquirement
 19928 | Orc:1    | Entered Level 1 of the Orcish Mines
 20096 | Orc:1    | Found a burning altar of Makhleb.
 20141 | Orc:1    | Found Osotz's Antique Armour Shoppe.
 20161 | Orc:1    | Noticed Erolcha
 20168 | Orc:1    | Killed Erolcha
 20179 | Orc:1    | Noticed Edmund
 20183 | Orc:1    | Killed Edmund
 20965 | Orc:3    | Found Yveam's Assorted Antiques.
 21266 | Orc:3    | Noticed Kira's ghost (powerful SpEn)
 21274 | Orc:3    | Killed Kira's ghost
 21413 | Orc:3    | Received a gift from Okawaru
 21504 | Orc:3    | Reached skill level 10 in Throwing
 21617 | Orc:3    | Found a roughly hewn altar of Beogh.
 21718 | Orc:2    | Noticed Grum
 21999 | Orc:2    | Killed Grum
 22129 | Orc:4    | Entered Level 4 of the Orcish Mines
 22214 | Orc:4    | Noticed Snorg
 22226 | Orc:4    | Killed Snorg
 22504 | Orc:4    | Found a staircase to the Elven Halls.
 22654 | Orc:4    | Reached skill level 10 in Dodging
 22854 | Orc:4    | Found Coridghow's Magic Scroll Shop.
 23046 | Orc:4    | Gained mutation: You are agile. (Dex +2) [a neqoxec]
 23058 | Orc:4    | Found Plaanwil's General Store.
 23220 | Orc:4    | Reached skill level 11 in Fighting
 23549 | Orc:4    | Found Thrag's Gadget Emporium.
 23549 | Orc:4    | Found Miodaz's Antique Weapon Shoppe.
 23549 | Orc:4    | Found a one-way gate leading to the halls of Pandemonium.
 23638 | Orc:4    | Bought a potion of heal wounds for 50 gold pieces
 23640 | Orc:4    | Bought a scroll of enchant weapon for 97 gold pieces
 23759 | Orc:4    | Received a gift from Okawaru
 24101 | D:13     | Reached XP level 16. HP: 90/101 MP: 29/29
 24306 | D:13     | Reached skill level 12 in Fighting
 24475 | D:13     | Received a gift from Okawaru
 24501 | D:13     | Noticed a tengu reaver
 24510 | D:13     | Killed a tengu reaver
 24702 | D:13     | Found a gate to the Vaults.
 25255 | D:14     | Found a frozen archway.
 25273 | IceCv    | Entered an ice cave
 25367 | IceCv    | Noticed Kira's ghost (powerful SpEn)
 25403 | IceCv    | Killed Kira's ghost
 25456 | IceCv    | Reached skill level 13 in Fighting
 25744 | IceCv    | Found an ancient bone altar of Kikubaaqudgha.
 25765 | IceCv    | Identified the Almanac of Destructive Ice
 26607 | D:15     | Entered Level 15 of the Dungeon
 26800 | D:15     | Noticed Kira's ghost (powerful SpEn)
 26836 | D:15     | Killed Kira's ghost
 26906 | D:15     | Noticed Roxanne
 26923 | D:15     | Killed Roxanne
 26930 | D:15     | Identified Roxanne's Incunabulum of Transmigration and the Mountains (You took it off Roxanne on level 15 of the Dungeon)
 27023 | D:15     | Received a gift from Okawaru
 27198 | D:15     | Reached skill level 14 in Fighting
 27229 | D:15     | Noticed Shlakoblock's ghost (powerful MiFi)
 27234 | D:15     | Noticed Kirke
 27243 | D:15     | Noticed a sphinx
 27243 | D:15     | Reached skill level 1 in Stealth
 27245 | D:15     | Noticed a sphinx
 27263 | D:15     | Killed Shlakoblock's ghost
 27272 | D:15     | Killed a sphinx
 27281 | D:15     | Killed Kirke
 27281 | D:15     | Received a gift from Okawaru
 27285 | D:15     | Reached XP level 17. HP: 63/111 MP: 30/30
 27386 | D:15     | Found a staircase to the Depths.
 27850 | Swamp:1  | Entered Level 1 of the Swamp
 27907 | Swamp:1  | Reached skill level 5 in Stealth
 29769 | Swamp:3  | Found a glowing silver altar of Zin.
 30736 | Swamp:5  | Entered Level 5 of the Swamp
 31375 | Swamp:5  | Reached skill level 10 in Stealth
 31388 | Swamp:5  | Received a gift from Okawaru
 31523 | Swamp:5  | Reached skill level 15 in Fighting
 31552 | Swamp:5  | Got a decaying rune of Zot
 31836 | Spider:1 | Entered Level 1 of the Spider Nest
 31905 | Spider:1 | Noticed Agnes
 31938 | Spider:1 | Killed Agnes
 31938 | Spider:1 | Received a gift from Okawaru
 31938 | Spider:1 | Reached XP level 18. HP: 119/119 MP: 31/31
 32616 | Spider:2 | Noticed Norris
 32656 | Spider:2 | Killed Norris
 32656 | Spider:2 | Reached skill level 15 in Maces & Flails
 33030 | Spider:2 | Noticed Arachne
 33293 | Spider:2 | Killed Arachne
 33903 | Spider:3 | Reached skill level 16 in Fighting
 33931 | Spider:3 | Noticed Aizul
 33947 | Spider:3 | Killed Aizul
 34298 | Spider:4 | Got a faintly glowing scimitar
 34898 | Spider:5 | Entered Level 5 of the Spider Nest
 34899 | Spider:5 | Noticed stonage's ghost (powerful DsFi)
 34907 | Spider:5 | Killed stonage's ghost
 35119 | Spider:5 | Lost mutation: You are weak. (Str -2) [potion of beneficial mutation]
 35237 | Spider:5 | Reached XP level 19. HP: 105/127 MP: 30/31
 35242 | Spider:5 | Received a gift from Okawaru
 35999 | Spider:5 | Received a gift from Okawaru
 36003 | Spider:5 | Got an ebony battleaxe {god gift}
 36005 | Spider:5 | Identified the cursed +3 scimitar "Daef" {flame, rC++ rN+ Dex-4} (You found it on level 4 of the Spider Nest)
 36013 | Spider:5 | Identified the +4 battleaxe "Jellyslayer" {pain, Contam rF+ rN+ Str+2} (Okawaru gifted it to you on level 5 of the Spider Nest)
 36016 | Spider:5 | Gained mutation: Your body is slowly deteriorating. [mutagenic glow]
 36070 | Spider:5 | Got a gossamer rune of Zot
 36535 | Depths:1 | Entered Level 1 of the Depths
 36550 | Depths:1 | Reached skill level 17 in Fighting
 36680 | Depths:1 | Found Olu Noust's Armour Boutique.
 36697 | Depths:1 | Bought the +2 cloak "Strufuf" {rElec rF+ Int+3 Dex+2 Stlth-} for 713 gold pieces
 37230 | Depths:1 | Received a gift from Okawaru
 37390 | Depths:1 | Found a gateway to Hell.
 37465 | Depths:1 | Found Isaudoh's Book Emporium.
 37740 | Depths:1 | Found a huge runed gate.
 37742 | Depths:1 | Found a huge runed gate.
 37742 | Depths:1 | Found a huge runed gate.
 37743 | Depths:1 | Found a huge runed gate.
 37743 | Depths:1 | Found a huge runed gate.
 37973 | Depths:2 | Reached skill level 18 in Fighting
 38007 | Depths:2 | Paralysed by a great orb of eyes for 5 turns
 38151 | Depths:2 | Reached XP level 20. HP: 136/136 MP: 32/32
 39127 | Depths:2 | Received a gift from Okawaru
 39459 | Depths:3 | Found a one-way gate to the infinite horrors of the Abyss.
 39659 | Depths:3 | Paralysed by a lich for 3 turns
 39665 | Depths:3 | Reached skill level 19 in Fighting
 39800 | Depths:3 | Found a basalt altar of Yredelemnul.
 39815 | Depths:3 | Noticed a profane servitor
 39842 | Depths:3 | Killed a profane servitor
 40102 | Depths:3 | Received a gift from Okawaru
 40224 | Depths:3 | Received a gift from Okawaru
 40265 | Depths:3 | Paralysed by a wizard for 7 turns
 40385 | Depths:3 | Paralysed by a great orb of eyes for 6 turns
 40508 | Depths:3 | Reached XP level 21. HP: 127/144 MP: 32/32
 40833 | Depths:3 | Received a gift from Okawaru
 41432 | Depths:4 | Received a gift from Okawaru
 41442 | Depths:4 | Reached skill level 20 in Fighting
 41574 | Depths:4 | Noticed a golden dragon
 41579 | Depths:4 | Noticed a caustic shrike
 41595 | Depths:4 | Killed a caustic shrike
 41611 | Depths:4 | Killed a golden dragon
 41988 | Depths:4 | Found a shattered altar of Ashenzari.
 42166 | Depths:4 | Cast into the Abyss (a lich)
 42379 | Depths:4 | Escaped the Abyss
 42834 | Depths:3 | Paralysed by a vampire knight for 2 turns
 43256 | Lair:7   | Killed an azure jelly
 43260 | Lair:7   | Killed an azure jelly
 43264 | Lair:7   | Killed an azure jelly
 43270 | Slime:1  | Entered Level 1 of the Pits of Slime
 43615 | Slime:1  | Gained mutation: You are frail (-10% HP). [a shining eye]
 43619 | Slime:1  | Gained mutation: You are weak. (Str -2) [a shining eye]
 43974 | Slime:1  | Reached XP level 22. HP: 59/137 MP: 33/33
 44115 | Slime:2  | Lost mutation: Your natural rate of healing is unusually fast. [a shining eye]
 44119 | Slime:2  | Gained mutation: Scrolls take you a little longer to read. [a shining eye]
 44127 | Slime:2  | Gained mutation: Your spells are a little easier to cast, but a little less powerful. [a shining eye]
 44479 | Slime:2  | Reached skill level 21 in Fighting
 44491 | Slime:2  | Received a gift from Okawaru
 44821 | Slime:3  | Gained mutation: Your magical capacity is low (-10% MP). [a shining eye]
 44869 | Slime:3  | Gained mutation: You are dopey. (Int -2) [a shining eye]
 44921 | Slime:3  | Reached skill level 15 in Stealth
 44924 | Slime:3  | Gained mutation: You occasionally shout uncontrollably at your foes. [a shining eye]
 45468 | Slime:4  | Received a gift from Okawaru
 45632 | Slime:4  | Gained mutation: You sometimes yell uncontrollably at your foes. [a shining eye]
 45633 | Slime:4  | Gained mutation: Armour fits poorly on your strangely shaped body. [a shining eye]
 46987 | Slime:4  | Paralysed by a great orb of eyes for 6 turns
 47138 | Slime:5  | Lost mutation: Armour fits poorly on your strangely shaped body. [the power of Zot]
 47183 | Slime:5  | Gained mutation: You are very weak. (Str -4) [a shining eye]
 47454 | Slime:6  | Entered Level 6 of the Pits of Slime
 47483 | Slime:6  | Received a gift from Okawaru
 47955 | Slime:6  | Gained mutation: Armour fits poorly on your strangely shaped body. [a shining eye]
 48152 | Slime:6  | Gained mutation: Your body is deteriorating. [a shining eye]
 48155 | Slime:6  | Gained mutation: You expend magic power (3 MP) to slightly strengthen your wands. [a shining eye]
 48157 | Slime:6  | Gained mutation: You expend magic power (6 MP) to strengthen your wands. [a shining eye]
 48220 | Slime:6  | Found a viscous altar of Jiyva.
 48223 | Slime:6  | Noticed the royal jelly
 48411 | Slime:6  | Received a gift from Okawaru
 49029 | Slime:5  | Slain by an azure jelly

Action                   |  1- 3 |  4- 6 |  7- 9 | 10-12 | 13-15 | 16-18 | 19-21 | 22-24 || total
-------------------------+-------+-------+-------+-------+-------+-------+-------+-------++-------
Melee: Flail             |   112 |    41 |       |   587 |  1433 |       |    21 |       ||  2194
       Mace              |       |    81 |   375 |   312 |       |       |       |       ||   768
       Morningstar       |       |       |       |       |   651 |  1730 |  1194 |   646 ||  4221
 Fire: Blowgun           |       |     2 |       |    78 |    24 |       |       |       ||   104
Throw: Tomahawk          |       |       |     6 |    62 |   189 |       |       |       ||   257
       Throwing net      |       |       |       |       |     1 |       |       |       ||     1
       Javelin           |       |       |       |       |    55 |    50 |   318 |     1 ||   424
Invok: Heroism           |       |       |       |     5 |    13 |     8 |     7 |     1 ||    34
       Finesse           |       |       |       |       |     1 |       |     1 |       ||     2
 Abil: Stop Flying       |       |       |       |       |     4 |     4 |       |       ||     8
       Fly               |       |       |       |       |     4 |     3 |       |       ||     7
Evoke: Wand              |       |       |       |       |    14 |    22 |    12 |     4 ||    52
  Use: Scroll            |       |       |    16 |    16 |    15 |    14 |     7 |     1 ||    69
       Potion            |       |       |     5 |     1 |     5 |     4 |     1 |       ||    16
 Stab: Invisible         |       |       |       |       |     2 |     3 |       |       ||     5
       Sleeping          |       |       |       |       |       |    25 |    11 |     8 ||    44
       Distracted        |       |       |       |       |       |     2 |     5 |       ||     7
       Confused          |       |       |       |       |       |     1 |       |       ||     1
  Eat: Chunk             |       |     3 |     4 |     8 |    25 |     6 |     3 |       ||    49
       Beef jerky        |       |     1 |     1 |     4 |     2 |     2 |     2 |       ||    12
       Meat ration       |       |     1 |       |       |     1 |     1 |     3 |     5 ||    11
       Pizza             |       |       |     1 |       |     1 |     1 |     1 |       ||     4
       Royal jelly       |       |       |       |     1 |     2 |     2 |       |       ||     5
       Fruit             |       |       |       |     5 |     1 |     2 |     2 |       ||    10
       Bread ration      |       |       |       |       |     1 |     4 |     3 |       ||     8
